 Dungeon Crawl Stone Soup version 0.31-a0-986-g5e6e4ef867 (webtiles) character file.

Game seed: 12727065173050388169

989 lessens the Ducker (level 8, 0/63 HPs)
             Began as a Gnoll Gladiator on Nov 7, 2023.
             Was an Initiate of Gozag.
             Succumbed to a kobold brigand's poison
             ... on level 6 of the Dungeon.
             The game lasted 00:06:09 (6068 turns).

lessens the Ducker (Gnoll Gladiator)                Turns: 6068, Time: 00:06:09

Health: 0/63       AC: 11    Str: 14 (16) XL:     8   Next: 18%
Magic:  7/12       EV: 11    Int:  5 (7)  God:    Gozag
Gold:   555        SH:  0    Dex: 12 (14) Spells: 13/13 levels left

rFire   . . .        a - +0 war axe
rCold   . . .        y - +0 buckler
rNeg    . . .        x - +0 scale mail
rPois   .            c - +0 helmet
rElec   .            g - +2 cloak
rCorr   .            (no gloves)
SInv    +            (no boots)
Will    .....        B - amulet of guardian spirit Stlth
                     e - ring of see invisible
HPRegen 0.30/turn    (no ring)
MPRegen 0.13/turn

%: guardian spirit
@: confused, mighty, lethally poisoned (0 -> -27), gold aura
A: fangs 1, strong nose, distributed training
a: Renounce Religion, Potion Petition, Call Merchant, Bribe Branch


You were on level 6 of the Dungeon.
You worshipped Gozag.
Gozag was pleased with you.
You visited 1 branch of the dungeon, and saw 6 of its levels.

You collected 582 gold pieces.
You paid 27 gold pieces to Gozag.

Inventory:

Hand Weapons
 a - a +0 war axe (weapon)
 s - a +0 hand axe of flaming
Missiles
 d - 4 throwing nets
 n - 59 stones
 t - a javelin
 u - 3 atropa-tipped darts (quivered)
 v - 5 boomerangs
 E - 2 poisoned darts
Armour
 b - a +0 leather armour
 c - a +0 helmet (worn)
 g - a +2 cloak (worn)
 x - a +0 scale mail (worn)
 y - a +0 buckler (worn)
Jewellery
 e - a ring of see invisible (left hand)
 B - an amulet of guardian spirit (around neck)
Wands
 J - a wand of digging (6)
Scrolls
 f - 5 scrolls of teleportation {unknown}
 h - 3 scrolls of amnesia {unknown}
 j - 5 scrolls of identify {unknown}
 o - a scroll of noise {unknown}
 q - a scroll of revelation {unknown}
 w - 2 scrolls of enchant armour {unknown}
 A - 2 scrolls of enchant weapon {unknown}
 F - a scroll of fear {unknown}
 G - a scroll of fog {unknown}
 H - a scroll of brand weapon {unknown}
 I - a scroll of immolation {unknown}
 K - 2 scrolls of vulnerability {unknown}
 L - a scroll of blinking {unknown}
Potions
 i - a potion of attraction {unknown}
 k - 2 potions of degeneration
 l - a potion of might
 m - 2 potions of curing {unknown}
 p - 2 potions of resistance {unknown}
 r - a potion of brilliance {unknown}
 z - a potion of lignification {unknown}
 C - a potion of heal wounds {unknown}
 D - a potion of ambrosia {unknown}


   Skills:
 + Level 5.6 Fighting
 + Level 3.1 Short Blades
 + Level 3.1 Long Blades
 + Level 7.3 Axes
 + Level 3.1 Maces & Flails
 + Level 3.1 Polearms
 + Level 3.1 Staves
 + Level 3.1 Ranged Weapons
 + Level 5.6 Throwing
 + Level 3.1 Armour
 + Level 7.3 Dodging
 + Level 3.1 Stealth
 + Level 3.1 Shields
 + Level 3.1 Unarmed Combat
 + Level 3.1 Spellcasting
 + Level 2.5 Conjurations
 + Level 2.5 Hexes
 + Level 2.5 Summonings
 + Level 2.5 Necromancy
 + Level 2.5 Translocations
 + Level 2.5 Transmutations
 + Level 2.5 Fire Magic
 + Level 2.5 Ice Magic
 + Level 2.5 Air Magic
 + Level 2.5 Earth Magic
 + Level 2.5 Poison Magic
 + Level 3.4 Invocations
 + Level 3.1 Evocations
 + Level 2.8 Shapeshifting


You had 13 spell levels left.
You didn't know any spells.
Your spell library contained the following spells:

 Spells                   Type           Power      Damage    Failure   Level
 Apportation              Tloc           6%         N/A       61%         1
 Slow                     Hex            12%        N/A       61%         1
 Jinxbite                 Hex            6%         N/A       75%         2
 Lesser Beckoning         Tloc           6%         N/A       75%         2
 Confusing Touch          Hex            3%         N/A       93%         3
 Gell's Gravitas          Tloc           3%         N/A       93%         3
 Inner Flame              Hex/Fire       3%         N/A       93%         3
 Sigil of Binding         Hex            3%         N/A       93%         3
 Teleport Other           Tloc           3%         N/A       93%         3
 Vampiric Draining        Necr           3%         2d6       93%         3
 Flame Wave               Conj/Fire      3%         2d5       100%        4
 Sticky Flame             Conj/Fire      3%         2d3       100%        4
 Alistair's Intoxication  Tmut/Pois      2%         N/A       100%        5


Dungeon Overview and Level Annotations

Branches:
Dungeon (6/15) Zot: 26929  Temple (0/1) D:5

Altars:
Cheibriados
Gozag
Qazlal
Vehumet
Wu Jian
Yredelemnul
Zin
The Shining One


Innate Abilities, Weirdness & Mutations

You have very sharp teeth.
Your uncanny sense of smell can sniff out nearby items.
Your experience applies equally to all skills.


Message History

The orc wizard points at you and mumbles some strange words.
You resist with some effort.
The kobold brigand is distracted by your dazzling golden aura.
You block the orc's attack. The orc hits you with a +0 whip.
The orc wizard hits you but does no damage.
The kobold brigand shouts!
You barely miss the kobold brigand.
The kobold brigand is no longer distracted by gold.
The kobold brigand is heavily wounded.
You hit the orc. You hit the orc wizard.
You feel sick. You block the orc wizard's attack.
The orc hits you with a +0 whip.
The orc wizard gestures at you while chanting.
The puff of flame hits the orc wizard!
The orc wizard dies!
The kobold brigand hits you with a +0 dagger of venom.
* * * LOW HITPOINT WARNING * * *
You are lethally poisoned!
The kobold brigand blocks your attack.
The kobold brigand is heavily wounded.
You slash the orc!
You kill the orc!
* * * LOW HITPOINT WARNING * * *
You feel very sick.
The orc wizard gestures at you while chanting.
You are confused.
The kobold brigand hits you with a +0 dagger of venom.
* * * LOW HITPOINT WARNING * * *
You are more poisoned.
It was a potion of degeneration.
There was something very wrong with that liquid.
You feel weakened.
You feel dopey.
You feel clumsy.
* * * LOW HITPOINT WARNING * * *
You feel very sick.
The kobold brigand hits you with a +0 dagger of venom.
* * * LOW HITPOINT WARNING * * *
You are more poisoned.
It was a potion of might.
You feel very mighty all of a sudden.
You die...
Your body crumbles into a pile of gold.

#..# #.)..
#.........#...####..).
##..................#..
#[.........>###....##..
.....o.....# #..##....
#.........# #.##..#..
#.........###.##.##..
#.##..$$.....##.....##..
.......@$$.#.##...######
###....K...#.##...#
#........#.#...##
#........#...#.#
#..............#
#.............##
#.............#
....##.#.....### ####
#[#.....#


You could see a kobold brigand (reflecting) and an orc wizard.

Vanquished Creatures
  Pargi (D:4)
  An ice beast (D:3)
  An orc warrior (D:5)
  A centaur (D:5)
  A scorpion (D:5)
  2 hounds
  A sleepcap (D:4)
  2 orc priests
  A gnoll bouda (D:5)
  2 iguanas
  An orc wizard (D:6)
  9 gnolls
  8 adders
  A shadow imp (D:5)
  3 dart slugs
  25 orcs
  8 endoplasms
  3 giant cockroaches
  8 goblins
  4 hobgoblins
  16 kobolds
  8 quokkas
  10 ball pythons
  5 bats
  7 frilled lizards
  7 rats
136 creatures vanquished.

Vanquished Creatures (others)
  An orc wizard (D:6)
1 creature vanquished.

Grand Total: 137 creatures vanquished

Notes
Turn   | Place    | Note
-------+----------+-------------------------------------------
     0 | D:1      | lessens the Gnoll Gladiator began the quest for the Orb.
     0 | D:1      | Reached XP level 1. HP: 20/20 MP: 1/1
   128 | D:1      | Reached XP level 2. HP: 24/26 MP: 2/2
   183 | D:1      | Found a faded altar of an unknown god.
   342 | D:1      | Reached XP level 3. HP: 31/31 MP: 3/3
   705 | D:1      | Reached skill level 1 in Invocations
  1244 | D:2      | Reached skill level 1 in Short Blades
  1244 | D:2      | Reached skill level 1 in Long Blades
  1244 | D:2      | Reached skill level 1 in Maces & Flails
  1244 | D:2      | Reached skill level 1 in Polearms
  1244 | D:2      | Reached skill level 1 in Staves
  1244 | D:2      | Reached skill level 1 in Ranged Weapons
  1244 | D:2      | Reached skill level 1 in Armour
  1244 | D:2      | Reached skill level 1 in Stealth
  1244 | D:2      | Reached skill level 1 in Shields
  1244 | D:2      | Reached skill level 1 in Unarmed Combat
  1244 | D:2      | Reached skill level 1 in Spellcasting
  1244 | D:2      | Reached skill level 1 in Evocations
  1331 | D:1      | Reached skill level 1 in Shapeshifting
  1331 | D:1      | Reached XP level 4. HP: 26/38 MP: 5/5
  1539 | D:2      | Reached skill level 1 in Conjurations
  1539 | D:2      | Reached skill level 1 in Hexes
  1539 | D:2      | Reached skill level 1 in Summonings
  1539 | D:2      | Reached skill level 1 in Necromancy
  1539 | D:2      | Reached skill level 1 in Translocations
  1539 | D:2      | Reached skill level 1 in Transmutations
  1539 | D:2      | Reached skill level 1 in Fire Magic
  1539 | D:2      | Reached skill level 1 in Ice Magic
  1539 | D:2      | Reached skill level 1 in Air Magic
  1539 | D:2      | Reached skill level 1 in Earth Magic
  1539 | D:2      | Reached skill level 1 in Poison Magic
  2021 | D:2      | Reached XP level 5. HP: 43/43 MP: 5/7
  2459 | D:3      | Found an ornate altar of the Wu Jian Council.
  2460 | D:3      | Found an opulent altar of Gozag.
  2460 | D:3      | Found a radiant altar of Vehumet.
  2461 | D:3      | Found a stormy altar of Qazlal.
  2464 | D:3      | Found a glowing silver altar of Zin.
  2466 | D:3      | Found a snail-covered altar of Cheibriados.
  2473 | D:3      | Became a worshipper of Gozag Ym Sagoz the Greedy
  2642 | D:3      | Noticed an ice beast
  2668 | D:3      | Killed an ice beast
  2669 | D:3      | Reached skill level 5 in Fighting
  2669 | D:3      | Reached skill level 5 in Throwing
  2669 | D:3      | Reached XP level 6. HP: 11/51 MP: 8/8
  3190 | D:3      | Found a glowing golden altar of the Shining One.
  3892 | D:4      | Noticed Pargi
  3914 | D:4      | Killed Pargi
  3959 | D:4      | Reached XP level 7. HP: 56/56 MP: 10/10
  4721 | D:5      | Entered Level 5 of the Dungeon
  5113 | D:5      | Found a basalt altar of Yredelemnul.
  5825 | D:5      | Found a staircase to the Ecumenical Temple.
  5920 | D:5      | Reached XP level 8. HP: 63/63 MP: 12/12
  6068 | D:6      | Succumbed to a kobold brigand's poison

Illustrated notes

Levels and vault maps discovered:
D:1:      dpeg_arrival_erosion, layout_loops_ring,
          shapermc_ecumenical_altar_pompeii, nicolae_eternal_life, fountainhead,
          chequers_serial_rivers_small_b, minmay_quantized
D:2:      layout_loops_corners, minivault_5, kennysheep_another_room,
          grunt_decor_mini_mirrors
D:3:      layout_loops_corners, minitemple, mainiacjoe_overflow_small_starburst,
          grunt_ministairs_2
D:4:      layout_basic, uniq_pargi
D:5:      layout_basic, nicolae_overflow_crystal_walls, temple_hall
D:6:      layout_rooms

Skill      XL: |  1  2  3  4  5  6  7 |
---------------+----------------------+-----
Invocations    | 1 2 3 |  3.4
Short Blades   | 1 2 3 |  3.1
Long Blades    | 1 2 3 |  3.1
Maces & Flails | 1 2 3 |  3.1
Polearms       | 1 2 3 |  3.1
Staves         | 1 2 3 |  3.1
Ranged Weapons | 1 2 3 |  3.1
Armour         | 1 2 3 |  3.1
Stealth        | 1 2 3 |  3.1
Shields        | 1 2 3 |  3.1
Unarmed Combat | 1 2 3 |  3.1
Spellcasting   | 1 2 3 |  3.1
Evocations     | 1 2 3 |  3.1
Shapeshifting  | 1 2 |  2.8
Conjurations   | 1 2 |  2.5
Hexes          | 1 2 |  2.5
Summonings     | 1 2 |  2.5
Necromancy     | 1 2 |  2.5
Translocations | 1 2 |  2.5
Transmutations | 1 2 |  2.5
Fire Magic     | 1 2 |  2.5
Ice Magic      | 1 2 |  2.5
Air Magic      | 1 2 |  2.5
Earth Magic    | 1 2 |  2.5
Poison Magic   | 1 2 |  2.5
Fighting       | 5 |  5.6
Throwing       | 5 |  5.6
Axes           | 7 |  7.3
Dodging        | 7 |  7.3

Action                     |  1- 3 |  4- 6 |  7- 9 || total
---------------------------+-------+-------+-------++-------
  Melee: War axe           |   107 |   174 |   132 ||   413
         Bite              |     7 |    25 |    12 ||    44
         Punch             |     1 |     2 |       ||     3
  Throw: Javelin           |     1 |       |       ||     1
         Throwing net      |       |     1 |       ||     1
         Dart              |       |     2 |       ||     2
    Use: Potion            |       |       |     2 ||     2
   Stab: Sleeping          |     1 |       |       ||     1
         Invisible         |       |     1 |       ||     1
 Armour: Leather armour    |    36 |       |       ||    36
         Chain mail        |    23 |    89 |       ||   112
         Scale mail        |       |    48 |   110 ||   158
  Dodge: Dodged            |    78 |    98 |    80 ||   256
  Block: Buckler           |       |    14 |    41 ||    55

Table legend: (Time is in decaauts)
 A = Elapsed time spent in this place.
 B = Non-inter-level travel time spent in this place.
 C = Inter-level travel time spent in this place.
 D = Time resting spent in this place.
 E = Time spent auto-exploring this place.
 F = Levels seen in this place.
 G = Mean time per level.
                   A        B        C        D        E       F      G
               +--------+--------+--------+--------+--------+-----+--------+
         Total |   6145 |   5966 |    179 |    182 |   4678 |   6 | 1024.2 |
       Dungeon |   6145 |   5966 |    179 |    182 |   4678 |   6 | 1024.2 |
               +--------+--------+--------+--------+--------+-----+--------+

Top non-repeatable levels by time:
     D:4: 1318 daAuts
     D:5: 1226 daAuts
     D:2: 1222 daAuts
     D:1: 1191 daAuts
     D:3: 1115 daAuts
     D:6: 70 daAuts

Levels and vault maps discovered:
D:1:      dpeg_arrival_erosion, layout_loops_ring,
          shapermc_ecumenical_altar_pompeii, nicolae_eternal_life, fountainhead,
          chequers_serial_rivers_small_b, minmay_quantized
D:2:      layout_loops_corners, minivault_5, kennysheep_another_room,
          grunt_decor_mini_mirrors
D:3:      layout_loops_corners, minitemple, mainiacjoe_overflow_small_starburst,
          grunt_ministairs_2
D:4:      layout_basic, uniq_pargi
D:5:      layout_basic, nicolae_overflow_crystal_walls, temple_hall
D:6:      layout_rooms
